 Dungeon Crawl Stone Soup version 0.29-a0-409-gd843f3a48c (webtiles) character file.

Game seed: 5036908046665183496

254 porpoise the Skirmisher (level 5, -4/47 HPs)
             Began as a Palentonga Fighter on May 13, 2022.
             Slain by a gnoll
             ... wielding a +0 halberd
             ... led by a gnoll sergeant
              (7 damage)
             ... on level 4 of the Dungeon on May 14, 2022.
             The game lasted 00:09:43 (3644 turns).

porpoise the Skirmisher (Palentonga Fighter)        Turns: 3644, Time: 00:09:45

Health: -4/47      AC:  8    Str: 28    XL:     5   Next: 90%
Magic:  5/5        EV:  8    Int:  5    God:
Gold:   86         SH:  4    Dex: 11    Spells: 4/4 levels left

rFire   . . .      SeeInvis +   a - +0 war axe
rCold   + + +      Faith    .   c - +0 buckler
rNeg    . . .      Spirit   .   r - +1 ring mail "Liokh" {rC+++ Str+9 Int-4}
rPois   .          Reflect  .   C - +0 helmet
rElec   .          Harm     .   (no cloak)
rCorr   .          Rampage  .   (no gloves)
Will    .....                   (no barding)
Stlth   +.........              (no amulet)
HPRegen 0.15/turn               (no ring)
MPRegen 0.09/turn               (no ring)

@: no status effects
A: large, rugged brown scales 3, see invisible, deformed body, roll 1, armoured
tail
a: Rolling Charge


You were on level 4 of the Dungeon.
You visited 1 branch of the dungeon, and saw 4 of its levels.

You collected 86 gold pieces.

Inventory:

Hand Weapons
 a - a +0 war axe (weapon)
 b - a +0 hunting sling of freezing
Missiles
 f - 132 stones
 q - a throwing net
Armour
 c - a +0 buckler (worn)
 r - the +1 ring mail "Liokh" (worn) {rC+++ Str+9 Int-4}
   (You found it on level 2 of the Dungeon)

   Str:       It affects your strength (+9).
   Int:       It affects your intelligence (-4).
   rC:        It renders you almost immune to cold.
 B - a +0 scale mail
 C - a +0 helmet (worn)
Magical Staves
 p - a staff of air
Jewellery
 s - an amulet of reflection
 v - a ring of magical power
 w - the ring of Nobility {Ice Will++ Int-3}
   (You took it off an orc on level 3 of the Dungeon)

   [ring of ice]

   It enhances your ice magic.
   Int:       It affects your intelligence (-3).
   rF:        It makes you vulnerable to fire.
   rC:        It protects you from cold.
   Will:      It greatly increases your willpower.
Wands
 x - a wand of flame (21)
Scrolls
 g - 3 scrolls of blinking {unknown}
 h - 2 scrolls of enchant weapon {unknown}
 j - a scroll of noise {unknown}
 k - a scroll of magic mapping {unknown}
 l - a scroll of fear {unknown}
 m - 2 scrolls of amnesia {unknown}
 o - a scroll of enchant armour {unknown}
 u - a scroll of summoning {unknown}
 y - a scroll of vulnerability {unknown}
 A - a scroll of identify {unknown}
Potions
 d - a potion of might
 e - 2 potions of cancellation {unknown}
 i - 4 potions of curing {unknown}
 n - a potion of brilliance {unknown}
 t - 2 potions of flight {unknown}
 z - a potion of degeneration {unknown}
 D - a potion of heal wounds {unknown}


   Skills:
 + Level 5.1 Fighting
 + Level 4.6 Axes
 - Level 2.4 Armour
 - Level 2.6 Shields


You had 4 spell levels left.
You didn't know any spells.
Your spell library contained the following spells:

 Spells                   Type           Power      Damage    Failure   Level
 Summon Small Mammal      Summ           0%         N/A       67%         1
 Static Discharge         Conj/Air       0%         N/A       82%         2
 Call Canine Familiar     Summ           0%         N/A       96%         3
 Dazzling Flash           Conj/Hex       0%         N/A       96%         3
 Summon Guardian Golem    Hex/Summ       0%         N/A       96%         3
 Animate Dead             Necr           0%         N/A       100%        4
 Dispel Undead            Necr           0%         3d6       100%        4
 Hailstorm                Conj/Ice       0%         3d3       100%        4
 Ice Form                 Ice/Tmut       0%         N/A       100%        4
 Iskenderun's Mystic Bla  Conj/Tloc      0%         2d3       100%        4
 Sticky Flame             Conj/Fire      0%         2d3       100%        4
 Summon Lightning Spire   Summ/Air       0%         N/A       100%        4
 Borgnjor's Vile Clutch   Necr/Erth      0%         N/A       100%        5
 Death Channel            Necr           0%         N/A       100%        6
 Simulacrum               Ice/Necr       0%         N/A       100%        6
 Starburst                Conj/Fire      0%         6d3       100%        6
 Storm Form               Tmut/Air       0%         N/A       100%        7
 Maxwell's Capacitive Co  Air            0%         ∞         100%        8


Dungeon Overview and Level Annotations

Branches:
Dungeon (4/15)
 Temple: D:4-7

Altars:


Innate Abilities, Weirdness & Mutations

You are completely covered in rugged brown scales. (AC +3, +7% HP)
You have supernaturally acute eyesight. (SInv)
Armour fits poorly on your strangely shaped body.
You can roll at nearby foes to attack.
You have a long armoured tail.


Message History

You hit the gnoll.
Your tail-slap misses the gnoll.
The gnoll is lightly wounded.
The gnoll sergeant hits you but does no damage.
You block the gnoll's attack.
You hit the gnoll. You tail-slap the gnoll.
The gnoll is moderately wounded.
The gnoll hits you with a +1 whip of flaming.
The gnoll burns you.
The gnoll sergeant hits you from afar with a +0 spear!
You hit the gnoll.
The gnoll is almost dead.
The gnoll barely misses you.
The gnoll sergeant hits you from afar with a +0 spear.
The gnoll hits you but does no damage.
The gnoll sergeant hits you from afar with a +0 spear.
You closely miss the gnoll.
You tail-slap the gnoll, but do no damage.
The gnoll is almost dead.
You block the gnoll sergeant's attack. The gnoll hits you but does no damage.
You barely miss the gnoll.
The gnoll is almost dead.
The gnoll hits you but does no damage.
The gnoll sergeant completely misses you.
You completely miss the gnoll.
The gnoll is almost dead.
The gnoll barely misses you.
The gnoll sergeant hits you from afar with a +0 spear.
The gnoll barely misses you.
The gnoll sergeant hits you from afar with a +0 spear.
You hit the gnoll.
You kill the gnoll!
The gnoll sergeant hits you from afar with a +0 spear.
You barely miss the gnoll. The gnoll hits you with a +0 flail.
The gnoll sergeant hits you from afar with a +0 spear.
The gnoll sergeant hits you from afar with a +0 spear!
* * * LOW HITPOINT WARNING * * *
The gnoll hits you with a +0 flail!
* * * LOW HITPOINT WARNING * * *
The gnoll hits you from afar with a +0 halberd!
You die...

#########
#..>....#####
#.#<..#.....#########
#...........#.)..).[.
#............)#######
#...........###
#...........#
#≈≈≈≈.≈≈≈≈###
#≈##≈@≈##≈# #≈
##g###≈# #≈


ggg ≈≈. #.g.#≈≈.. #.$.# ... ##### You could see a gnoll sergeant and 4 gnolls.

Vanquished Creatures
  An orc priest (D:3)
  Jessica (D:3)
  An orc wizard (D:3)
  2 gnolls
  5 adders (D:2)
  A worm (D:2)
  2 dart slugs
  15 orcs
  3 bats
  8 endoplasms
  A giant cockroach (D:3)
  11 goblins
  6 hobgoblins
  2 jackals (D:1)
  3 quokkas
  5 ball pythons
  6 frilled lizards
  8 kobolds
  2 rats (D:2)
83 creatures vanquished.

Notes
Turn   | Place    | Note
-------+----------+-------------------------------------------
     0 | D:1      | porpoise the Palentonga Fighter began the quest for the
                  | Orb.
     0 | D:1      | Reached XP level 1. HP: 19/19 MP: 1/1
   198 | D:1      | Reached XP level 2. HP: 16/25 MP: 2/2
   826 | D:1      | Found a faded altar of an unknown god.
   855 | D:1      | Reached XP level 3. HP: 22/32 MP: 3/3
  1453 | D:2      | Reached skill level 4 in Fighting
  1651 | D:2      | Reached XP level 4. HP: 39/39 MP: 4/4
  1652 | D:2      | Identified the +1 ring mail "Liokh" {rC+++ Str+9 Int-4}
  2967 | D:3      | Reached XP level 5. HP: 43/46 MP: 5/5
  3003 | D:3      | Identified the ring of Nobility {Ice Will++ Int-3}
  3034 | D:3      | Upgraded the game from 0.29-a0-398-ge13fd1374b to
                  | 0.29-a0-409-gd843f3a48c
  3293 | D:3      | Noticed Jessica
  3296 | D:3      | Killed Jessica
  3297 | D:3      | Reached skill level 5 in Fighting
  3426 | D:4      | Noticed an ogre
  3644 | D:4      | Slain by a gnoll

Illustrated notes

Levels and vault maps discovered:
D:1:      ncdulo_lavacross, layout_basic, shapermc_ecumenical_altar_ellora
D:2:      layout_loops_corners, serial_rivers, chequers_serial_rivers_small_3,
          chequers_serial_rivers_large_a, chequers_serial_rivers_marsh,
          chequers_serial_rivers_micro_c, chequers_serial_rivers_micro_c,
          chequers_serial_rivers_small_3, chequers_serial_rivers_room_a
D:3:      layout_rooms, uniq_jessica
D:4:      layout_loops_cross, roderic_batcave, lightli_minifort

Skill      XL: |  1  2  3  4  5 |
---------------+----------------+-----
Axes           | 3 4 |  4.6
Fighting       | 4 5 |  5.1
Armour         | |  2.4
Shields        | |  2.6

Action                   |  1- 3 |  4- 6 || total
-------------------------+-------+-------++-------
Melee: War axe           |    94 |   104 ||   198
       Tailslap          |    10 |    11 ||    21
 Fire: Hunting sling     |       |    12 ||    12
Armor: Scale mail        |    38 |       ||    38
       Ring mail         |       |    55 ||    55
Dodge: Dodged            |    34 |    44 ||    78
Block: Buckler           |    21 |    19 ||    40

Table legend: (Time is in decaauts)
 A = Elapsed time spent in this place.
 B = Non-inter-level travel time spent in this place.
 C = Inter-level travel time spent in this place.
 D = Time resting spent in this place.
 E = Time spent auto-exploring this place.
 F = Levels seen in this place.
 G = Mean time per level.
                   A        B        C        D        E       F      G
               +--------+--------+--------+--------+--------+-----+--------+
         Total |   3740 |   3704 |     36 |    950 |   2117 |   4 |  935.0 |
       Dungeon |   3740 |   3704 |     36 |    950 |   2117 |   4 |  935.0 |
               +--------+--------+--------+--------+--------+-----+--------+

Top non-repeatable levels by time:
     D:2: 1913 daAuts
     D:1: 1071 daAuts
     D:3: 542 daAuts
     D:4: 212 daAuts
